 Dungeon Crawl Stone Soup version 0.19-b1-5-gdc9fa9d (webtiles) character file.

69 odei the Sneak (level 4, 0/31 HPs)
             Began as a Vampire Enchanter on Oct 31, 2016.
             Was an Initiate of Yredelemnul.
             Slain by an adder (4 damage)
             ... on level 3 of the Dungeon.
             The game lasted 00:15:50 (1992 turns).

odei the Sneak (Vampire Enchanter)                  Turns: 1992, Time: 00:15:51

Health: 0/31       AC:  3    Str:  7      XL:     4   Next: 2%
Magic:  3/7        EV: 13    Int: 17      God:    Yredelemnul [......]
Gold:   87         SH:  0    Dex: 14 (15) Spells: 2 memorised, 4 levels left

rFire  . . .     SeeInvis +     a - +1 dagger
rCold  . . .     Gourm    .     b - +1 robe
rNeg   + . .     Faith    .     (no shield)
rPois  .         Spirit   .     (no helmet)
rElec  .         Reflect  .     (no cloak)
rCorr  .         Harm     .     (no gloves)
MR     .....                    (no boots)
Stlth  +++.......               (no amulet)
                                (no ring)
                                (no ring)

@: no status effects
A: fangs 3, see invisible, unbreathing
a: Bat Form, Renounce Religion


You were on level 3 of the Dungeon.
You worshipped Yredelemnul.
Yredelemnul was noncommittal.
You were not thirsty.

You visited 1 branch of the dungeon, and saw 3 of its levels.

You collected 87 gold pieces.

Inventory:

Hand Weapons
 a - a +1 dagger (weapon)
 g - a +0 dagger of electrocution
Armour
 b - a +1 robe (worn)
Scrolls
 e - a scroll of recharging {unknown}
 f - 2 scrolls of identify
Potions
 d - 5 potions of blood
Books
 c - a book of Maledictions

   Spells                             Type                      Level
   a - Corona                         Hexes                        1
   b - Ensorcelled Hibernation        Hexes/Ice                    2
   c - Confuse                        Hexes                        3
   d - Tukima's Dance                 Hexes                        3
   e - Dazzling Spray                 Conjuration/Hexes            3


   Skills:
 + Level 0.5 Fighting
 + Level 2.3 Short Blades
 + Level 2.9 Dodging
 * Level 5.4 Stealth
 + Level 2.2 Spellcasting
 + Level 4.6 Hexes


You had 4 spell levels left.
You knew the following spells:

 Your Spells              Type           Power        Failure   Level  Hunger
a - Corona                Hex            ###....      2%          1    #......
b - Ensorcelled Hibernat  Hex/Ice        #.....       14%         2    ###....


Dungeon Overview and Level Annotations

Branches:
Dungeon (3/15)

Altars:
Cheibriados
Fedhas
Yredelemnul


Innate Abilities, Weirdness & Mutations

You have razor-sharp teeth.
You have supernaturally acute eyesight. (SInv)
You can survive without breathing.


Message History

You closely miss the adder. The adder closely misses you.
The adder completely misses you.
You hit the adder.
The adder is lightly wounded.
The adder bites you but does no damage.
You hit the adder. You bite the adder.
The adder is heavily wounded.
The adder bites you but does no damage.
You miss the adder.
The adder is heavily wounded.
The adder barely misses you.
You hit the adder but do no damage.
The adder is heavily wounded.
The adder bites you.
* * * LOW HITPOINT WARNING * * *
You hit the adder but do no damage. Your bite misses the adder.
The adder is heavily wounded.
The adder bites you.
You die...
Yredelemnul claims you as an undead slave.

#..... ....#....#..#
.....#....... ...
#....##.# ## #..
........ .## #w# ...
#.###... #S# #.# #.##...
..#####@#####.###.##.#
#..........[gg.......#
#.#####.######..#.#..###
#...# #..........
#..........# ##.#.#..###
#.####...#.# #......#
##.##.# ###.##.### ..# .
...##.... ##.# ##
##########


You could see a worm, an adder, a hobgoblin (sleeping) and a goblin.

Vanquished Creatures
  An adder (D:2)
  A worm (D:2)
  6 dart slugs (D:1)
  A leopard gecko (D:3)
  A giant cockroach (D:2)
  7 goblins
  4 hobgoblins
  6 kobolds
  6 bats (D:1)
  6 frilled lizards
  5 rats
44 creatures vanquished.

Notes
Turn   | Place    | Note
-------+----------+-------------------------------------------
     0 | D:1      | odei the Vampire Enchanter began the quest for the Orb.
     0 | D:1      | Reached XP level 1. HP: 13/13 MP: 3/3
   216 | D:1      | Reached XP level 2. HP: 3/19 MP: 5/5
   462 | D:1      | Reached skill level 5 in Stealth
   536 | D:1      | Learned a level 2 spell: Ensorcelled Hibernation
  1051 | D:1      | Reached XP level 3. HP: 17/24 MP: 6/6
  1473 | D:2      | Found a basalt altar of Yredelemnul.
  1498 | D:2      | Became a worshipper of Yredelemnul the Dark
  1605 | D:2      | Found a blossoming altar of Fedhas.
  1918 | D:3      | Found a snail-covered altar of Cheibriados.
  1962 | D:3      | Reached XP level 4. HP: 3/31 MP: 7/7
  1992 | D:3      | Slain by an adder

Skill      XL: |  1  2  3 |
---------------+----------+-----
Stealth        | 5 |  5.4
Short Blades   | 2 |  2.3
Fighting       | |  0.5
Dodging        | |  2.9
Spellcasting   | |  2.2
Hexes          | |  4.6

Action                   |  1- 3 |  4- 6 || total
-------------------------+-------+-------++-------
Melee: Dagger            |   189 |     6 ||   195
       Bite              |    14 |     1 ||    15
       Unarmed           |     6 |       ||     6
 Cast: Corona            |     2 |       ||     2
       Ensorcelled Hiber |     2 |     3 ||     5
 Abil: End Transformatio |     2 |       ||     2
       Bat Form          |     2 |       ||     2
  Use: Scroll            |     3 |       ||     3
       Potion            |     6 |     1 ||     7
 Stab: Sleeping          |    11 |       ||    11
Armor: Robe              |    45 |     3 ||    48
Dodge: Dodged            |   151 |     4 ||   155
